 Dungeon Crawl Stone Soup version 0.28-a0-1130-gc51a68064b (webtiles) character file.

Game seed: 3925383174745093251

161 vurker the Gusty (level 4, -5/35 HPs)
             Began as a Demigod Air Elementalist on Dec 12, 2021.
             Killed by divine providence
             ... invoked by an orc priest
              (12 damage)
             ... on level 3 of the Dungeon.
             The game lasted 00:03:39 (3214 turns).

vurker the Gusty (Demigod Air Elementalist)         Turns: 3214, Time: 00:03:39

Health: -5/35      AC:  3    Str:  9    XL:     4   Next: 98%
Magic:  0/11       EV: 12    Int: 21    God:
Gold:   77         SH:  0    Dex: 14    Spells: 7/8 levels left

rFire   . . .      SeeInvis .   h - +0 short sword
rCold   . . .      Faith    .   (no shield)
rNeg    . . .      Spirit   .   a - +0 robe
rPois   .          Reflect  .   (no helmet)
rElec   .          Harm     .   (no cloak)
rCorr   .          Rampage  .   c - +0 pair of gloves
Will    .....                   (no boots)
Stlth   ++........              (no amulet)
HPRegen 0.11/turn               (no ring)
MPRegen 0.12/turn               (no ring)

@: no status effects
A: high mp 1, forlorn, divine attributes
a: no special abilities


You were on level 3 of the Dungeon.
You visited 1 branch of the dungeon, and saw 3 of its levels.

You collected 138 gold pieces.
You spent 61 gold pieces at shops.

Inventory:

Hand Weapons
 h - a +0 short sword (weapon)
   (You took it off a kobold on level 1 of the Dungeon)
Armour
 a - a +0 robe (worn)
 c - a +0 pair of gloves (worn)
   (You found it on level 1 of the Dungeon)
Scrolls
 d - a scroll of amnesia {unknown}
 f - a scroll of blinking {unknown}
 i - a scroll of enchant armour {unknown}
Potions
 b - 5 potions of mutation
 e - 3 potions of curing
 g - 2 potions of haste
 j - a potion of resistance {unknown}
 k - a potion of attraction {unknown}
 l - a potion of heal wounds {unknown}


   Skills:
 + Level 1.6 Fighting
 - Level 1.7 Dodging
 - Level 1.7 Stealth
 * Level 2.9 Spellcasting
 + Level 2.0 Conjurations
 * Level 3.7 Air Magic


You had 7 spell levels left.
You knew the following spells:

 Your Spells              Type           Power      Damage    Failure   Level
a - Shock                 Conj/Air       60%        1d6       4%          1

Your spell library contained the following spells:

 Spells                   Type           Power      Damage    Failure   Level
 Static Discharge         Conj/Air       15%        N/A       6%          2
 Swiftness                Air            18%        N/A       9%          3
 Sublimation of Blood     Necr           3%         N/A       21%         2
 Wereblood                Tmut           3%         N/A       21%         2
 Airstrike                Air            9%         N/A       28%         4
 Summon Hydra             Summ           1%         N/A       100%        7


Dungeon Overview and Level Annotations

Branches:
Dungeon (3/15)

Shops:
D:1 *!!*   D:3 (

Annotations:
D:3 Grinder


Innate Abilities, Weirdness & Mutations

You have an increased reservoir of magic. (+10% MP)
You shall have no god before yourself.
Your divine heritage dramatically boosts your attributes as you level up.


Message History

The orc priest calls upon Beogh to heal the orc.
The orc's wounds heal themselves!
Aim: an orc priest, wielding a +0 dagger and wearing a +0 scale mail (75% to hit)
The zap hits the orc priest.
Aim: an orc priest, wielding a +0 dagger and wearing a +0 scale mail (lightly wounded, 75% to hit)
The zap hits the orc priest.
Aim: an orc priest, wielding a +0 dagger and wearing a +0 scale mail (moderately wounded, 75% to hit)
The zap hits the orc.
The zap hits the orc priest.
The orc priest calls upon Beogh to heal the orc.
The orc's wounds heal themselves!
The orc closely misses you.
Aim: an orc priest, wielding a +0 dagger and wearing a +0 scale mail (moderately wounded, 75% to hit)
The zap hits the orc but does no damage.
The zap hits the orc priest.
The zap hits the orc priest.
The zap hits the orc priest but does no damage.
The orc priest closely misses you.
The orc hits you with a +0 hand axe of electrocution.
You miscast Shock.
You are very lightly contaminated with residual magic.
Nothing appears to happen.
The orc priest looks satisfied for a moment.
The orc hits you but does no damage.
The zap hits the orc.
The zap hits the orc but does no damage.
The orc priest looks braver for a moment.
The orc barely misses you.
You don't have enough magic to cast this spell.
You hit the orc priest but do no damage.
The orc priest hits you with a +0 dagger.
The orc hits you with a +0 hand axe of electrocution.
The orc priest hits you with a +0 dagger.
The orc priest calls upon Beogh to heal the orc.
The orc's wounds heal themselves!
You hit the orc but do no damage. The orc barely misses you. x2
Your magical contamination has completely faded away.
The zap hits the orc priest but does no damage.
The zap hits the orc priest.
The orc priest closely misses you.
The orc hits you with a +0 hand axe of electrocution.
The orc priest casts a cantrip, but nothing happens.
The orc misses you.
The zap hits the orc.
The zap misses the orc priest.
The zap hits the orc priest.
The zap hits the orc.
You kill the orc!
You barely miss the orc priest.
The orc priest mumbles some strange prayers to Beogh against you.
Beogh smites you!
* * * LOW HITPOINT WARNING * * *
The orc priest mumbles some strange prayers to Beogh against you.
Beogh smites you!
You die...

###.....)##.##.#.##...
.....#...##.........#
###..#...##.........#
..÷..........#.#....#
###..#..###.##.#....#
#.........##.#....#
###..#..###.##.#....#
....................#
#############...@...# ##+##
##...b.####..o.#.# .....
####b.b..b.###......#.⌠...⌠
..#.....b...#.......#......
#.############..#.#.')).⌠..
#...............#.#.#......
#######.#####.......#.⌠...⌠
# #.P.#.#...#.......# .....
# ##P.#.#b.######.### +##


You could see an orc priest.

Vanquished Creatures
  A scorpion (D:3)
  Jessica (D:3)
  2 adders (D:2)
  2 dart slugs
  3 orcs (D:3)
  3 ball pythons
  4 endoplasms
  2 giant cockroaches (D:1)
  2 goblins
  6 hobgoblins
  4 jackals (D:1)
  A kobold (D:1)
  3 quokkas
  A bat (D:2)
  A frilled lizard (D:1)
  16 rats
52 creatures vanquished.

Notes
Turn   | Place    | Note
-------+----------+-------------------------------------------
     0 | D:1      | vurker the Demigod Air Elementalist began the quest for the
                  | Orb.
     0 | D:1      | Reached XP level 1. HP: 14/14 MP: 5/5
   153 | D:1      | Found Dept's Distillery.
   257 | D:1      | Reached skill level 1 in Conjurations
   428 | D:1      | Found Wibru's General Store.
   581 | D:1      | Reached XP level 2. HP: 22/22 MP: 5/7
   891 | D:1      | Found Leigg's Distillery.
  1091 | D:1      | Reached skill level 3 in Air Magic
  1237 | D:1      | Found Sixuwiy's Assorted Antiques.
  1590 | D:1      | Bought a scroll of identify for 28 gold pieces
  1628 | D:2      | Reached skill level 1 in Fighting
  1628 | D:2      | Reached XP level 3. HP: 28/28 MP: 0/9
  1931 | D:1      | Bought a potion of curing for 33 gold pieces
  2611 | D:3      | Found Nevaepn's Antique Weapon Shoppe.
  2767 | D:3      | Noticed Grinder
  2865 | D:3      | Noticed a scorpion
  2883 | D:3      | Killed a scorpion
  2884 | D:3      | Reached XP level 4. HP: 15/35 MP: 1/11
  3139 | D:3      | Noticed Jessica
  3146 | D:3      | Killed Jessica
  3214 | D:3      | Killed from afar by an orc priest

Illustrated notes

Levels and vault maps discovered:
D:1:      minmay_arrival_split_and_join, layout_basic, serial_shops,
          nicolae_shop_waterfront, shop, shop, shop
D:2:      layout_loops_cross, basic_ecumenical_altar, basic_altar
D:3:      layout_basic, overflow_temple_1_default, serial_aquarium,
          aquarium_bridge_square [aquarium_subvault_bridge,
          aquarium_subvault_window, aquarium_subvault_bridge,
          aquarium_subvault_bridge], aquarium_bridge_square
          [aquarium_subvault_bridge, aquarium_subvault_bridge,
          aquarium_subvault_window, aquarium_subvault_wall],
          aquarium_window_corner, aquarium_window_corridor_3,
          aquarium_window_fake, aquarium_window_corner, aquarium_view_2e,
          aquarium_balcony_1b, aquarium_pool_2, serial_shops,
          nicolae_lakefront_shop, shop_statue, nicolae_diamond_shop,
          minmay_fountain_box, minmay_misc_feat_cross, minmay_rat_hole,
          uniq_grinder, uniq_jessica, uniq_crazy_yiuf_cottage

Skill      XL: |  1  2  3  4 |
---------------+-------------+-----
Conjurations   | 1 2 |  2.0
Spellcasting   | 2 |  2.9
Air Magic      | 3 |  3.7
Fighting       | 1 |  1.6
Dodging        | |  1.7
Stealth        | |  1.7

Action                   |  1- 3 |  4- 6 || total
-------------------------+-------+-------++-------
Melee: Unarmed           |     9 |       ||     9
       Short sword       |     6 |     7 ||    13
 Cast: Shock             |    96 |    18 ||   114
  Use: Scroll            |     2 |       ||     2
Armor: Robe              |     7 |     2 ||     9
Dodge: Dodged            |    20 |    11 ||    31

Table legend: (Time is in decaauts)
 A = Elapsed time spent in this place.
 B = Non-inter-level travel time spent in this place.
 C = Inter-level travel time spent in this place.
 D = Time resting spent in this place.
 E = Time spent auto-exploring this place.
 F = Levels seen in this place.
 G = Mean time per level.
                   A        B        C        D        E       F      G
               +--------+--------+--------+--------+--------+-----+--------+
         Total |   3217 |   2983 |    234 |      0 |   2662 |   3 | 1072.3 |
       Dungeon |   3217 |   2983 |    234 |      0 |   2662 |   3 | 1072.3 |
               +--------+--------+--------+--------+--------+-----+--------+

Top non-repeatable levels by time:
     D:1: 1703 daAuts
     D:2: 856 daAuts
     D:3: 657 daAuts
